 Dungeon Crawl Stone Soup version 0.30.1-3-gfc49f6343a (webtiles) character file.

Game seed: 5584412205985747737

2798 H0rd4k the Sneak (level 9, -5/58 HPs)
             Began as an Octopode Artificer on July 25, 2023.
             Killed by an exploding killer bee (10 damage)
             ... ignited by their inner flame
             ... on level 9 of the Dungeon on July 26, 2023.
             The game lasted 00:10:17 (6595 turns).

H0rd4k the Sneak (Octopode Artificer)               Turns: 6595, Time: 00:10:17

Health: -5/58      AC:  1    Str: 11    XL:     9   Next: 71%
Magic:  0/25       EV: 19    Int: 18    God:
Gold:   266        SH:  0    Dex: 12    Spells: 17/17 levels left

rFire   + . .        e - staff of poison
rCold   . . .        (no shield)
rNeg    . . .        (helmet restricted)
rPois   +            o - amulet of guardian spirit
rElec   .            n - +5 ring of evasion
rCorr   .            l - ring of magical power
SInv    .            E - ring of protection from fire
Will    .....        (no ring)
Stlth   +++++        (no ring)
HPRegen 0.29/turn    (no ring)
MPRegen 0.19/turn    (no ring)
                     (no ring)

%: guardian spirit
@: lethally poisoned (-5 -> -9)
A: almost no armour, amphibious, 8 rings, camouflage 1, gelatinous body 1,
(nimble swimmer 1), tentacles
a: no special abilities


You were on level 9 of the Dungeon.
You visited 2 branches of the dungeon, and saw 10 of its levels.

You collected 266 gold pieces.

Inventory:

Missiles
 f - 25 poisoned darts
 t - 3 throwing nets
Magical Staves
 e - a staff of poison (weapon)
 q - a staff of death
Jewellery
 l - a ring of magical power (right tentacle)
 n - a +5 ring of evasion (left tentacle)
 o - an amulet of guardian spirit (around mantle)
 E - a ring of protection from fire (on tentacle)
Wands
 c - a wand of charming (3)
 C - a wand of flame (3) (quivered)
 G - a wand of acid (3)
Scrolls
 a - 2 scrolls of magic mapping
 h - 2 scrolls of enchant armour {unknown}
 j - a scroll of noise {unknown}
 k - 7 scrolls of identify
 p - 2 scrolls of enchant weapon
 u - a scroll of vulnerability {unknown}
 v - a scroll of brand weapon {unknown}
 w - a scroll of fog {unknown}
 y - a scroll of fear {unknown}
 z - a scroll of immolation
 B - a scroll of poison {unknown}
 F - a scroll of silence {unknown}
Potions
 b - a potion of haste {unknown}
 d - 2 potions of brilliance
 g - 5 potions of lignification {unknown}
 i - 3 potions of might {unknown}
 m - 2 potions of flight {unknown}
 r - 3 potions of attraction {unknown}
 s - 6 potions of curing {unknown}
 x - 4 potions of degeneration {unknown}
 A - a potion of heal wounds {unknown}
 D - a potion of berserk rage


   Skills:
 + Level 4.0 Fighting
 + Level 5.4 Staves
 + Level 5.3 Dodging
 + Level 7.9 Stealth
 + Level 0.9 Unarmed Combat
 * Level 4.9 Spellcasting
 + Level 2.3 Poison Magic
 + Level 6.7 Evocations


You had 17 spell levels left.
You didn't know any spells.
Your spell library contained the following spells:

 Spells                   Type           Power      Damage    Failure   Level
 Necrotise                Necr           16%        1d4       14%         1
 Shock                    Conj/Air       16%        1d4       14%         1
 Static Discharge         Conj/Air       8%         2-3/arc   21%         2
 Sublimation of Blood     Necr           4%         N/A       21%         2
 Wereblood                Tmut           4%         N/A       21%         2
 Inner Flame              Hex/Fire       4%         N/A       38%         3
 Swiftness                Air            4%         N/A       38%         3
 Vampiric Draining        Necr           4%         2d6       38%         3
 Airstrike                Air            2%         2d(1-17)  80%         4
 Summon Lightning Spire   Summ/Air       4%         N/A       80%         4
 Agony                    Necr           4%         N/A       98%         5
 Yara's Violent Unravell  Hex/Tmut       2%         3d3       98%         5
 Enfeeble                 Hex            2%         N/A       100%        7
 Summon Hydra             Summ           2%         N/A       100%        7


Dungeon Overview and Level Annotations

Branches:
Dungeon (9/15)             Temple (1/1) D:7
   Lair: D:8-11         Orc: D:9-12

Altars:
Ashenzari
Cheibriados
Dithmenos
Fedhas
Hepliaklqana
Kikubaaqudgha
Makhleb
Nemelex Xobeh
Okawaru
Qazlal
Ru
Trog
Uskayaw
Vehumet
Wu Jian
Xom
Yredelemnul
The Shining One

Shops:
D:7 !   D:8 =?

Annotations:
D:3 1 runed translucent door, exclusion: door, Crazy Yiuf
D:5 exclusion: water moccasin
D:7 1 runed translucent door, exclusions: door, steam dragon and two-headed ogre, Henri's ghost, novice SpHs


Innate Abilities, Weirdness & Mutations

You cannot wear most types of armour.
You are amphibious.
You can wear up to eight rings at the same time.
Your skin changes colour to match your surroundings (Stealth+).
Your rubbery body absorbs attacks. (AC +1, EV +1)
((You are camouflaged when in or above water. (Stealth+)))
You have tentacles for arms and can constrict up to eight enemies at once.


Message History

The killer bee is lightly wounded.
You feel sick. The killer bee misses you. The killer bee stings you.
The kobold closely misses you.
The kobold hits you with a +0 short sword.
You miss the killer bee. You grab the killer bee.
You constrict the killer bee, but do no damage.
You feel sick. The killer bee misses you. The killer bee barely misses you.
The killer bee stings you. The kobold barely misses you.
The kobold closely misses you.
As you read the scroll labelled LUNICU LOSTREIN, it crumbles to dust.
It is a scroll of identify.
p - 2 scrolls of enchant weapon You constrict the killer bee.
You feel sick. The killer bee barely misses you.
The killer bee closely misses you. The killer bee stings you.
* * * LOW HITPOINT WARNING * * *
You are more poisoned.
The killer bee poisons you! The killer bee stings you!
* * * LOW HITPOINT WARNING * * *
The kobold closely misses you.
The kobold hits you with a +0 short sword.
* * * LOW HITPOINT WARNING * * *
As you read the scroll labelled QUGERCH SOST, it crumbles to dust.
You feel aware of your surroundings.
It was a scroll of magic mapping.
You constrict the killer bee.
You feel sick. The killer bee stings you.
* * * LOW HITPOINT WARNING * * *
The killer bee closely misses you. x2; The killer bee stings you.
* * * LOW HITPOINT WARNING * * *
The kobold barely misses you. The kobold closely misses you.
As you read the scroll labelled ETOWUO POEC, it crumbles to dust.
The creatures around you are filled with an inner flame!
It was a scroll of immolation.
You constrict the killer bee.
Flame seeps out of the killer bee.
* * * LOW HITPOINT WARNING * * *
You feel sick.
The killer bee is engulfed in blazing flames.
The killer bee explodes!
The fiery explosion engulfs the killer bee!!
The fiery explosion engulfs the kobold!!
The fiery explosion engulfs you! You resist.
You die...

##......,**,***
**,,,,***
##.......*****
*,****
****#.......#* **,*
,,,,.......)# *,,*
****........## *,,*
*.........### *,**
*#..........## **,*
####......yK## *,,*
####.##y§@#######,,*
######○§^....#.**
########
##§§§.......#*
.......####
##...#######..**
..........###...##
**,,* *
...........#...##
**,******
...<.......#..##
**,,,,,,
.............##
*,,,,,,
............##
**,,,,,


You could see 2 killer bees and a kobold (inner flame).

Vanquished Creatures
  Pikel (D:4)
  Grinder (D:3)
  3 sky beasts
  An orc warrior (D:7)
  2 centaurs
  3 kobold brigands
  2 bullfrogs
  3 scorpions (D:5)
  6 killer bees
  2 hounds
  4 jellies
  2 orc priests (D:3)
  5 iguanas
  3 orc wizards (D:7)
  10 gnolls
  5 adders
  2 shadow imps
  A worm (D:4)
  3 dart slugs
  11 orcs
  9 endoplasms
  A giant cockroach (D:2)
  3 goblins
  2 hobgoblins
  17 kobolds
  4 quokkas
  9 ball pythons
  4 bats
  5 frilled lizards
  8 rats
132 creatures vanquished.

Vanquished Creatures (collateral kills)
  A shadow (D:9)
  An orc wizard (D:7)
  2 gnolls (D:4)
  7 orcs
  A hobgoblin (D:4)
  A goblin (D:4)
  A rat (D:3)
14 creatures vanquished.

Vanquished Creatures (others)
  A gnoll (D:4)
  3 orcs
4 creatures vanquished.

Grand Total: 150 creatures vanquished

Notes
Turn   | Place    | Note
-------+----------+-------------------------------------------
     0 | D:1      | H0rd4k the Octopode Artificer began the quest for the Orb.
     0 | D:1      | Reached XP level 1. HP: 13/13 MP: 1/1
   136 | D:1      | Reached XP level 2. HP: 13/18 MP: 2/2
   353 | D:1      | Reached XP level 3. HP: 17/23 MP: 3/3
   828 | D:2      | Reached XP level 4. HP: 28/28 MP: 4/4
   855 | D:2      | Reached skill level 2 in Stealth
  1126 | D:3      | Found an iron altar of Okawaru.
  1261 | D:3      | Reached skill level 1 in Spellcasting
  1261 | D:3      | Reached skill level 1 in Poison Magic
  1312 | D:3      | Reached skill level 1 in Staves
  1312 | D:3      | Reached XP level 5. HP: 5/33 MP: 1/6
  1491 | D:3      | Reached skill level 3 in Stealth
  1521 | D:3      | Noticed Grinder
  1529 | D:3      | Paralysed by Grinder for 3 turns
  1533 | D:3      | Killed Grinder
  1534 | D:3      | Reached XP level 6. HP: 39/39 MP: 8/8
  1634 | D:3      | Reached skill level 4 in Stealth
  1668 | D:3      | Found a faded altar of an unknown god.
  1859 | D:3      | Found a runed translucent door.
  1860 | D:3      | Noticed Crazy Yiuf
  2059 | D:4      | Found a snail-covered altar of Cheibriados.
  2215 | D:4      | Noticed Pikel
  2456 | D:4      | Killed Pikel
  2457 | D:4      | Reached skill level 5 in Stealth
  2457 | D:4      | Reached skill level 5 in Evocations
  2457 | D:4      | Reached XP level 7. HP: 37/45 MP: 11/11
  2457 | D:4      | Reached XP level 8. HP: 42/50 MP: 12/12
  2791 | D:5      | Entered Level 5 of the Dungeon
  2973 | D:5      | Reached skill level 6 in Stealth
  3217 | D:5      | Found a sacrificial altar of Ru.
  3890 | D:6      | Reached skill level 7 in Stealth
  4306 | D:6      | Reached XP level 9. HP: 56/56 MP: 15/15
  4449 | D:7      | Found a staircase to the Ecumenical Temple.
  4458 | Temple   | Entered the Ecumenical Temple
  4616 | D:7      | Noticed a two-headed ogre
  4749 | D:7      | Found Bial's Distillery.
  5225 | D:7      | Found a runed translucent door.
  5225 | D:7      | Noticed Henri's ghost (novice SpHs)
  5329 | D:7      | Found a glowing golden altar of the Shining One.
  5558 | D:7      | Reached skill level 5 in Staves
  5599 | D:7      | Reached skill level 5 in Dodging
  5768 | D:7      | Found an ornate altar of the Wu Jian Council.
  6180 | D:8      | Found Mesalaup's Magic Scroll Shoppe.
  6235 | D:8      | Found Rotaichu's Magic Scroll Shoppe.
  6304 | D:8      | Found Lunuq's Jewellery Emporium.
  6440 | D:9      | Noticed a troll
  6464 | D:9      | Identified the +1 leather armour of the Realm of Zot {MP+9}
  6488 | D:9      | Found a bloodstained altar of Trog.
  6595 | D:9      | Killed by an exploding killer bee... ignited by their inner
                  | flame

Illustrated notes

Levels and vault maps discovered:
D:1:      amcnicky_arrival_feature_with_door, layout_basic
D:2:      layout_rooms, kennysheep_nondescript
D:3:      layout_basic, lemuel_doored_altar, ebering_ecumenical_altar_webs,
          uniq_crazy_yiuf_cottage, uniq_grinder
D:4:      layout_loops_ring, mainiacjoe_overflow_six_doors_small, uniq_pikel
D:5:      layout_basic, nicolae_ru_the_path_less_chosen
D:6:      layout_cave_pools, dreamdust_gnoll_farm
D:7:      layout_gridville, pdpol_wu_jian_five_deadly_venoms,
          mainiacjoe_overflow_alcove_4, minmay_temple_entry_mini_moons,
          gammafunk_ghost_grave, serial_shops, shop
D:8:      layout_cave_pools, minmay_overflow_temple_star_quad, serial_shops,
          kennysheep_little_box, shop, nicolae_shop_tiny_waterfront, shop, shop
D:9:      layout_cave_pods, bloody_trog, uniq_harold
Temple:   minmay_temple_bridge_abc

Skill      XL: |  1  2  3  4  5  6  7  8  9 |
---------------+----------------------------+-----
Evocations     | 4 5 6 |  6.7
Stealth        | 2 3 5 7 |  7.9
Spellcasting   | 1 3 4 |  4.9
Poison Magic   | 1 2 |  2.3
Staves         | 1 2 3 4 5 |  5.4
Dodging        | 3 4 5 |  5.3
Fighting       | 2 3 4 |  4.0
Unarmed Combat | |  0.9

Action                     |  1- 3 |  4- 6 |  7- 9 || total
---------------------------+-------+-------+-------++-------
  Melee: Unarmed           |     8 |       |       ||     8
         Staff             |    64 |    68 |   228 ||   360
         Constrict         |    15 |    18 |    40 ||    73
         Tentacles         |     9 |    13 |    52 ||    74
         Punch             |     2 |     2 |     5 ||     9
  Evoke: Wand              |       |    28 |    33 ||    61
    Use: Scroll            |       |       |     3 ||     3
   Stab: Sleeping          |     8 |     8 |    12 ||    28
 Armour: Skin              |     3 |     3 |     7 ||    13
  Dodge: Dodged            |    33 |    64 |   201 ||   298
